 Seeded DCSS version 0.29.1-12-g30fa7ad0bf (webtiles) character file.

Game seed: 10833889069324855153 (custom seed)

101 GigaChad the Covered (level 4, 0/41 HPs)
             Began as a Minotaur Fighter on Dec 19, 2022.
             Succumbed to an orc's poison
             ... on level 3 of the Dungeon.
             The game lasted 00:03:59 (1896 turns).

GigaChad the Covered (Minotaur Fighter)             Turns: 1896, Time: 00:03:59

Health: 0/41       AC:  8    Str: 22    XL:     4   Next: 48%
Magic:  3/3        EV:  9    Int:  5    God:
Gold:   160        SH:  4    Dex: 10    Spells: 3/3 levels left

rFire   . . .      SeeInvis .   a - +0 war axe
rCold   . . .      Faith    .   c - +0 buckler
rNeg    . . .      Spirit   .   b - +0 scale mail
rPois   .          Reflect  .   (helmet restricted)
rElec   .          Harm     .   j - +0 cloak
rCorr   .          Rampage  .   (no gloves)
Will    .....                   (no boots)
Stlth   ..........              (no amulet)
HPRegen 0.13/turn               (no ring)
MPRegen 0.08/turn               (no ring)

@: lethally poisoned (0 -> -8), attractive
A: horns 2, retaliatory headbutt
a: no special abilities


You were on level 3 of the Dungeon.
You visited 1 branch of the dungeon, and saw 3 of its levels.

You collected 160 gold pieces.

Inventory:

Hand Weapons
 a - a +0 war axe (weapon)
Armour
 b - a +0 scale mail (worn)
 c - a +0 buckler (worn)
 j - a +0 cloak (worn)
Jewellery
 e - a ring of wizardry
 m - a ring of ice
 n - a ring of protection from fire
 s - a ring of positive energy
 t - the macabre finger necklace {rN+}
   (You found it on level 3 of the Dungeon)

   [amulet of nothing]

   It enables you to equip an extra ring.
   rN:        It protects you from negative energy.
Wands
 q - a wand of paralysis (4)
Scrolls
 g - 2 scrolls of fog
 h - 2 scrolls of teleportation {unknown}
 i - 5 scrolls of identify
 l - a scroll of blinking {unknown}
 p - a scroll of vulnerability {unknown}
 r - 2 scrolls of brand weapon {unknown}
 u - a scroll of immolation {unknown}
Potions
 d - 2 potions of might
 k - a potion of brilliance {unknown}
 o - a potion of degeneration {unknown}


   Skills:
 + Level 4.3 Fighting
 + Level 3.6 Axes
 + Level 4.6 Armour
 + Level 0.5 Dodging
 + Level 4.2 Shields


You had 3 spell levels left.
You didn't know any spells.
Your spell library contained the following spells:

 Spells                   Type           Power      Damage    Failure   Level
 Beastly Appendage        Tmut           0%         N/A       87%         1
 Sting                    Tmut/Pois      0%         1d3       87%         1
 Poisonous Vapours        Pois/Air       0%         N/A       95%         2
 Wereblood                Tmut           0%         N/A       95%         2
 Ignite Poison            Fire/Tmut/Pois 0%         N/A       99%         3
 Mephitic Cloud           Conj/Pois/Air  0%         N/A       99%         3
 Spider Form              Tmut/Pois      0%         N/A       99%         3
 Anguish                  Hex/Necr       0%         N/A       100%        4
 Olgreb's Toxic Radiance  Pois           0%         N/A       100%        4
 Freezing Cloud           Conj/Ice/Air   0%         6-21      100%        5
 Enfeeble                 Hex            0%         N/A       100%        7


Dungeon Overview and Level Annotations

Branches:
Dungeon (3/15)

Altars:
Zin

Shops:
D:3 *


Innate Abilities, Weirdness & Mutations

You have a pair of horns on your head.
You reflexively headbutt those who attack you in melee.


Message History

You completely miss the orc. You headbutt the orc.
You kill the orc!
You completely miss the orc. The orc hits you but does no damage.
You are poisoned.
The orc hits you but does no damage.
You are more poisoned.
You feel very sick. The orc barely misses you.
Things that are here:
a +0 club; a boomerang; a +0 flail You hit the orc.
The orc is moderately wounded.
You feel very sick. The orc hits you but does no damage.
You are more poisoned.
You hit the orc.
The orc is heavily wounded.
You feel very sick.
The orc hits you with a +1 short sword of venom.
You are lethally poisoned!
You slash the orc!
You kill the orc!
You feel extremely sick.
* * * LOW HITPOINT WARNING * * *
You feel very sick.
Things that are here:
a +1 short sword of venom; a +0 leather armour
* * * LOW HITPOINT WARNING * * *
You feel very sick.
As you read the scroll labelled DOLY ZYSUTITOZ, it crumbles to dust.
It is a scroll of identify.
g - 2 scrolls of fog
* * * LOW HITPOINT WARNING * * *
You feel very sick.
It was a potion of attraction.
You feel attractive to monsters.
* * * LOW HITPOINT WARNING * * *
You feel sick.
Unknown command.
You die...

.......................
####.............######
.......................
##############..........######
..........................#
###########.....#########.#
#.....# #.####
#######.....#########.....
.........@...........>####
#######))...#########.#
#.)...# #.# #.)...# #.#
#.....# #.# ####### ######.##
#.......# #.......#
####.......#


There were no monsters in sight!

Vanquished Creatures
  3 adders (D:2)
  A worm (D:3)
  A dart slug (D:3)
  5 orcs (D:3)
  4 ball pythons
  7 bats
  An endoplasm (D:3)
  3 giant cockroaches (D:1)
  5 hobgoblins
  4 jackals (D:1)
  4 quokkas
  2 frilled lizards
  7 goblins
  5 kobolds
  6 rats
58 creatures vanquished.

Notes
Turn   | Place    | Note
-------+----------+-------------------------------------------
     0 | D:1      | GigaChad the Minotaur Fighter began the quest for the Orb.
     0 | D:1      | Reached XP level 1. HP: 19/19 MP: 0/0
   127 | D:1      | Found a faded altar of an unknown god.
   186 | D:1      | Reached XP level 2. HP: 25/27 MP: 1/1
   678 | D:1      | Reached XP level 3. HP: 28/33 MP: 2/2
  1432 | D:2      | Reached XP level 4. HP: 37/40 MP: 3/3
  1541 | D:3      | Found Zin's Purification Station.
  1544 | D:3      | Found a glowing silver altar of Zin.
  1625 | D:3      | Found the macabre finger necklace {rN+}
  1895 | D:3      | HP: 1/41 [poisoned by an orc]
  1896 | D:3      | Succumbed to an orc's poison

Illustrated notes

Levels and vault maps discovered:
D:1:      ebering_hopf_link, layout_loops_ring, shapermc_ecumenical_altar_gd,
          minmay_misc_feat_iff, hangedman_abyss_or_decor_stabs,
          hangedman_decor_riveting, minmay_bisected
D:2:      layout_basic
D:3:      layout_basic, zin_purify, amcnicky_mini_corridor_feature

Skill      XL: |  1  2  3 |
---------------+----------+-----
Armour         | 4 |  4.6
Fighting       | 4 |  4.3
Shields        | 4 |  4.2
Axes           | 3 |  3.6
Dodging        | |  0.5

Action                   |  1- 3 |  4- 6 || total
-------------------------+-------+-------++-------
Melee: War axe           |    70 |    32 ||   102
       Headbutt          |     5 |     3 ||     8
  Use: Scroll            |       |     1 ||     1
       Potion            |       |     1 ||     1
Armor: Scale mail        |    70 |    21 ||    91
Dodge: Dodged            |    67 |    26 ||    93
Block: Buckler           |    27 |     9 ||    36
